 Dungeon Crawl Stone Soup version 0.29.1-15-g9cfb28693d (webtiles) character file.

Game seed: 13536627738013008680

8281 BeingJoeMalik the Bludgeoner (level 11, 0/61 HPs)
             Began as a Tengu Fighter on Mar 20, 2023.
             Was a High Priest of Okawaru.
             Slain by a gargoyle
             ... wielding a +1 morningstar of protection
              (12 damage)
             ... on level 10 of the Dungeon.
             The game lasted 00:24:30 (12568 turns).

BeingJoeMalik the Bludgeoner (Tengu Fighter)       Turns: 12568, Time: 00:24:31

Health: 0/61       AC: 10    Str: 17    XL:     11   Next: 28%
Magic:  12/12      EV: 12    Int: 10    God:    Okawaru [*****.]
Gold:   528        SH:  7    Dex: 16    Spells: 10/10 levels left

rFire   . . .      SeeInvis .   v - +2 morningstar (pain)
rCold   . . .      Faith    .   c - +1 buckler
rNeg    + . .      Spirit   .   s - +0 swamp dragon scales
rPois   +          Reflect  .   (helmet restricted)
rElec   .          Harm     .   z - +0 cloak
rCorr   .          Rampage  .   q - +0 pair of gloves
Will    .....                   (boots unavailable)
Stlth   +.........              (no amulet)
HPRegen 0.20/turn               y - ring of positive energy
MPRegen 0.13/turn               (no ring)

@: flying quickly and evasively, quick
A: beak, talons 3, nimble flight
a: Renounce Religion, Heroism, Finesse, Duel


You were on level 10 of the Dungeon.
You worshipped Okawaru.
Okawaru was extremely pleased with you.
You visited 2 branches of the dungeon, and saw 11 of its levels.
You also visited: Ossuary.

You collected 668 gold pieces.
You spent 140 gold pieces at shops.

Inventory:

Hand Weapons
 a - a +0 flail
 o - a +0 whip of flaming
 v - a +2 morningstar of pain (weapon)
 C - a +3 flail
Missiles
 m - 25 poisoned darts (quivered)
 B - a curare-tipped dart
Armour
 b - a +0 scale mail
 c - a +1 buckler (worn)
 p - a +0 tower shield
 q - a +0 pair of gloves (worn)
 s - +0 swamp dragon scales (worn)
 z - a +0 cloak (worn)
 E - +0 acid dragon scales
 F - a +1 robe of cold resistance
Jewellery
 y - a ring of positive energy (left hand)
 A - an amulet of guardian spirit
Wands
 e - a wand of light (14)
 l - a wand of iceblast (22)
 u - a wand of flame (9)
Scrolls
 h - 2 scrolls of poison
 k - 5 scrolls of teleportation
 t - 2 scrolls of identify
 w - 4 scrolls of blinking
 x - a scroll of amnesia
 G - a scroll of fog {unknown}
Potions
 d - 3 potions of might
 f - 4 potions of lignification
 i - 8 potions of mutation
 j - 3 potions of haste
 n - 2 potions of magic
 r - 7 potions of curing
 D - a potion of brilliance


   Skills:
 + Level 4.0 Fighting
 + Level 16.7 Maces & Flails
 + Level 4.2 Armour
 + Level 1.4 Dodging
 + Level 6.8 Shields


You had 10 spell levels left.
You didn't know any spells.
Your spell library contained the following spells:

 Spells                   Type           Power      Damage    Failure   Level
 Gell's Gravitas          Tloc           0%         N/A       94%         3
 Lesser Beckoning         Tloc           0%         N/A       94%         3
 Teleport Other           Tloc           0%         N/A       94%         3
 Fulminant Prism          Conj/Hex       0%         3d6       100%        4
 Iskenderun's Mystic Bla  Conj/Tloc      0%         2d3       100%        4
 Lee's Rapid Deconstruct  Erth           0%         3d5*      100%        5


Dungeon Overview and Level Annotations

Branches:
Dungeon (10/15)            Temple (1/1) D:4            Lair (0/5) D:9
Ossuary (visited)
    Orc: D:9-12

Altars:
Ashenzari
Cheibriados
Dithmenos
Elyvilon
Fedhas
Gozag
Hepliaklqana
Kikubaaqudgha
Makhleb
Nemelex Xobeh
Okawaru
Qazlal
Ru
Sif Muna
Trog
Uskayaw
Vehumet
Wu Jian
Xom
Yredelemnul
Zin
The Shining One

Shops:
D:1 :((*   D:3 :   D:5 (   D:9 *

Annotations:
D:2 1 runed translucent door, Crazy Yiuf
D:5 exclusion: upstairs
D:10 1 runed translucent door, Ast3rio's ghost, novice MiBe


Innate Abilities, Weirdness & Mutations

You have a beak for a mouth.
You have claws for feet.
Your magical nature lets you fly swiftly and evasively.


Message History

There is an open door here.
You now have enough gold to buy the +2 trident of Xirayczi {speed, Str+6 Stlth+} on D:1.
You can access your shopping list by pressing '$'.
You now have 528 gold pieces (gained 20).
A gargoyle comes into view.
It is wielding a +1 morningstar of protection.
The gargoyle hurls a stone arrow at you.
The stone arrow hits you!!
You barely miss the gargoyle.
You claw the gargoyle, but do no damage.
The gargoyle completely misses you.
You closely miss the gargoyle.
You peck the gargoyle, but do no damage.
You barely miss the gargoyle. You block the gargoyle's attack.
You sock the gargoyle!
The gargoyle is moderately damaged.
The gargoyle hurls a stone arrow at you.
The stone arrow misses you.
You hit the gargoyle.
The gargoyle is heavily damaged.
The gargoyle hits you with a +1 morningstar of protection!!
* * * LOW HITPOINT WARNING * * *
You hit the gargoyle. Your kick misses the gargoyle.
You peck the gargoyle, but do no damage.
The gargoyle is heavily damaged.
You feel much better. The gargoyle misses you.
You hit the gargoyle but do no damage.
The gargoyle is heavily damaged.
The gargoyle hits you with a +1 morningstar of protection!
* * * LOW HITPOINT WARNING * * *
Unknown command.
You hit the gargoyle but do no damage. Your kick misses the gargoyle.
The gargoyle is heavily damaged.
The gargoyle hits you with a +1 morningstar of protection.
* * * LOW HITPOINT WARNING * * *
You hit the gargoyle but do no damage.
The gargoyle is heavily damaged.
You hit the gargoyle but do no damage.
The gargoyle is heavily damaged.
The gargoyle hits you with a +1 morningstar of protection!
You die...

#..## # ###'###### .#
#........##########.##
#........'...#?......###
#........###.#.........
#......### #.#.......#
#......# #.#.......#
###+...+) #.........#
#.#..#.P ###..@....#
#.####### ####9#### #.
.# .. #+#


You could see a gargoyle.

Vanquished Creatures
  Erolcha (D:9)
  2 two-headed ogres (D:9)
  A gargoyle (D:10)
  Maggie (D:7)
  Psyche (D:9)
  A hornet (D:8)
  Grinder (D:3)
  A vampire (D:9)
  A shadow (D:10)
  2 steam dragons (D:9)
  3 yaks (D:8)
  Menkaure (D:4)
  An acid dragon (D:9)
  2 orc warriors
  5 water moccasins
  A black bear (D:5)
  5 ice beasts
  4 centaurs
  A phantom (D:4)
  A kobold brigand (D:6)
  4 necrophages
  3 scorpions
  5 water moccasin zombies (Ossuary)
  5 wights (D:8)
  3 killer bees (D:8)
  2 howler monkeys (D:7)
  3 orc priests
  2 gnoll boudas
  9 hounds
  4 jellies
  Jessica (D:3)
  3 iguanas
  5 orc wizards
  2 mummies (Ossuary)
  20 gnolls
  14 adders
  A shadow imp (D:6)
  An ufetubus (D:4)
  5 adder zombies (Ossuary)
  3 worms (D:2)
  4 dart slugs
  15 orcs
  6 ball pythons
  6 endoplasms
  A giant cockroach (D:1)
  3 gnoll zombies (Ossuary)
  7 goblins
  10 hobgoblins
  6 quokkas
  4 bats (D:1)
  6 hobgoblin zombies
  7 kobolds
  A kobold zombie (Ossuary)
  4 orc zombies (Ossuary)
  10 rats
221 creatures vanquished.

Vanquished Creatures (others)
  A withered plant (D:10)
1 creature vanquished.

Grand Total: 222 creatures vanquished

Notes
Turn   | Place    | Note
-------+----------+-------------------------------------------
     0 | D:1      | BeingJoeMalik the Tengu Fighter began the quest for the
                  | Orb.
     0 | D:1      | Reached XP level 1. HP: 14/14 MP: 2/2
   193 | D:1      | Reached skill level 3 in Maces & Flails
   193 | D:1      | Reached XP level 2. HP: 19/19 MP: 3/3
   275 | D:1      | Found Teataikor's General Store.
   353 | D:1      | Found Souce's Antique Weapon Boutique.
   457 | D:1      | Reached XP level 3. HP: 18/23 MP: 4/4
   605 | D:1      | Found Hajuto Joa's Antique Weapon Emporium.
   657 | D:1      | Reached skill level 4 in Maces & Flails
   737 | D:1      | Found Jomnail's Book Boutique.
   856 | D:1      | Found a faded altar of an unknown god.
  1508 | D:2      | Found a runed translucent door.
  1509 | D:2      | Noticed Crazy Yiuf
  1560 | D:2      | Reached XP level 4. HP: 28/28 MP: 5/5
  1775 | D:3      | Noticed Grinder
  1845 | D:3      | Reached skill level 5 in Maces & Flails
  2577 | D:3      | Gained mutation: Your magical nature lets you fly swiftly
                  | and evasively. [Tengu growth]
  2577 | D:3      | Reached XP level 5. HP: 30/32 MP: 6/6
  2602 | D:3      | Noticed Jessica
  2616 | D:3      | Killed Jessica
  2653 | D:4      | Reached skill level 6 in Maces & Flails
  2673 | D:4      | Found a sand-covered staircase.
  2678 | D:4      | Found a staircase to the Ecumenical Temple.
  2687 | Temple   | Entered the Ecumenical Temple
  2884 | Temple   | Became a worshipper of Warmaster Okawaru
  3069 | D:4      | Noticed Menkaure
  3075 | Ossuary  | Entered an ossuary
  3103 | Ossuary  | Reached XP level 6. HP: 35/37 MP: 7/7
  3159 | Ossuary  | Reached skill level 7 in Maces & Flails
  3388 | Ossuary  | Reached * piety under Okawaru
  3389 | Ossuary  | Reached skill level 8 in Maces & Flails
  3389 | Ossuary  | Reached XP level 7. HP: 32/41 MP: 8/8
  4014 | D:4      | Reached skill level 9 in Maces & Flails
  4049 | D:4      | Reached XP level 8. HP: 25/46 MP: 9/9
  4351 | D:4      | Killed Menkaure
  4352 | D:4      | Reached skill level 10 in Maces & Flails
  4419 | D:4      | Found a snail-covered altar of Cheibriados.
  4560 | D:4      | Reached ** piety under Okawaru
  4822 | D:5      | Entered Level 5 of the Dungeon
  5184 | D:5      | Reached skill level 11 in Maces & Flails
  5246 | D:5      | Found Avaor's Antique Weapon Shop.
  5425 | D:1      | Bought a glowing morningstar for 140 gold pieces
  5578 | D:3      | Found Hut Usink's Book Shop.
  5590 | D:3      | Identified the +11 spear "Qoxecs" {elec, Str+6}
  5642 | D:3      | Paralysed by Grinder for 5 turns
  5658 | D:3      | Killed Grinder
  6141 | D:5      | Reached skill level 12 in Maces & Flails
  6141 | D:5      | Reached XP level 9. HP: 41/50 MP: 10/10
  6806 | D:6      | Reached *** piety under Okawaru
  7042 | D:6      | Reached skill level 13 in Maces & Flails
  8036 | D:7      | Reached **** piety under Okawaru
  8037 | D:7      | Reached skill level 14 in Maces & Flails
  8136 | D:7      | Reached skill level 5 in Shields
  8136 | D:7      | Noticed Maggie
  8147 | D:7      | Killed Maggie
  8148 | D:7      | Reached XP level 10. HP: 39/56 MP: 11/11
  9428 | D:8      | Reached skill level 15 in Maces & Flails
 10680 | D:9      | Found Sudid's CLEARANCE SALE!.
 10801 | D:9      | Noticed Erolcha
 10810 | D:9      | Killed Erolcha
 10810 | D:9      | Reached ***** piety under Okawaru
 10929 | D:9      | Noticed a two-headed ogre
 10938 | D:9      | Killed a two-headed ogre
 10939 | D:9      | Reached skill level 16 in Maces & Flails
 11055 | D:9      | Noticed Psyche
 11074 | D:9      | Killed Psyche
 11075 | D:9      | Reached XP level 11. HP: 43/60 MP: 12/12
 11747 | D:9      | Noticed a two-headed ogre
 11749 | D:9      | Found a staircase to the Lair.
 11757 | D:9      | Reached skill level 1 in Dodging
 11761 | D:9      | Killed a two-headed ogre
 12315 | D:10     | Entered Level 10 of the Dungeon
 12391 | D:10     | Found a bloodstained altar of Trog.
 12536 | D:10     | Found a runed translucent door.
 12536 | D:10     | Noticed Ast3rio's ghost (novice MiBe)
 12568 | D:10     | Slain by a gargoyle

Illustrated notes

Levels and vault maps discovered:
D:1:      dpeg_arrival_subterranean_lakeside_camping, layout_basic,
          chequers_ecumenical_altar_simple, serial_shops, shop_statue,
          shop_fountains, nicolae_lakefront_shop, shop, nicolae_grassy_gnolls
D:2:      layout_rooms, uniq_crazy_yiuf_cottage
D:3:      layout_rooms, serial_shops, shop, uniq_grinder, uniq_jessica
D:4:      minmay_evil_eye, layout_gridville, nicolae_overflow_hidden_temple,
          minmay_temple_entry_slanted, enter_ossuary_3, minmay_joined_circles,
          uniq_menkaure
D:5:      layout_loops_corners, serial_shops, nicolae_shop_advertising_works
          [nicolae_subvault_shop_adworks]
D:6:      layout_gridville
D:7:      layout_basic, uniq_maggie
D:8:      layout_layer_cave
D:9:      layout_loops_corners, lair_entry_dummy, nicolae_eternal_life,
          nicolae_shop_clearance, uniq_psyche, uniq_erolcha
D:10:     layout_roguey, mainiacjoe_overflow_small_starburst,
          gammafunk_ghost_grave, uniq_erica
Temple:   mainiacjoe_temple_cubbyholes

Skill      XL: |  1  2  3  4  5  6  7  8  9 10 11 |
---------------+----------------------------------+-----
Maces & Flails | 3 4 5 6 8 9 12 14 16 | 16.7
Shields        | 5 6 |  6.8
Dodging        | 1 |  1.4
Armour         | 4 |  4.2
Fighting       | 4 |  4.0

Action                   |  1- 3 |  4- 6 |  7- 9 | 10-12 || total
-------------------------+-------+-------+-------+-------++-------
Melee: Flail             |    64 |   141 |    16 |       ||   221
       Kick              |    12 |    30 |    87 |    60 ||   189
       Peck              |     4 |    29 |    48 |    49 ||   130
       Whip              |       |       |   142 |       ||   142
       Morningstar       |       |       |   139 |   215 ||   354
Throw: Dart              |       |     2 |     2 |     2 ||     6
  Use: Scroll            |       |     6 |    11 |     2 ||    19
       Potion            |       |     1 |     4 |     2 ||     7
Armor: Scale mail        |    29 |    63 |    71 |     1 ||   164
       Skin              |       |       |    17 |       ||    17
       Swamp dragon scal |       |       |       |    43 ||    43
Dodge: Dodged            |    36 |    45 |    75 |    62 ||   218
Block: Buckler           |    15 |    31 |    40 |    54 ||   140
